 Dungeon Crawl Stone Soup version 0.24.0-13-gcf9b3192b9 (webtiles) character file.

Game seed: 4358828468109771887, levelgen mode: deterministic

61 Monsterracer the Poker (level 4, -2/30 HPs)
             Began as an Octopode Warper on Nov 6, 2019.
             Slain by an adder (4 damage)
             ... on level 2 of the Dungeon.
             The game lasted 00:01:11 (1617 turns).

Monsterracer the Poker (Octopode Warper)            Turns: 1617, Time: 00:01:12

Health: -2/30      AC:  1    Str:  7 (10) XL:     4   Next: 7%
Magic:  7/7        EV: 13    Int: 14 (16) God:
Gold:   64         SH:  0    Dex: 10 (11) Spells: 5/7 levels left

rFire    . . .     SeeInvis .   a - +0 spear
rCold    . . .     Gourm    .   (no shield)
rNeg     . . .     Faith    .   (helmet restricted)
rPois    .         Spirit   .   (no amulet)
rElec    .         Reflect  .   (no ring)
rCorr    .         Harm     .   (no ring)
MR       .....                  (no ring)
Stlth    ++........             (no ring)
HPRegen  0.10/turn              (no ring)
MPRegen  0.10/turn              (no ring)
                                (no ring)
                                (no ring)

@: lethally poisoned (-2 -> -12), berserk cooldown, flying, slowed, very slow
A: almost no armour, stealthy swim, amphibious, 8 rings, constrict 8, camouflage
1, gelatinous body 1
a: no special abilities


You were on level 2 of the Dungeon.
You were not hungry.

You visited 1 branch of the dungeon, and saw 2 of its levels.

You collected 64 gold pieces.

Inventory:

Hand Weapons
 a - a +0 spear (weapon)
Scrolls
 b - a scroll of enchant armour {unknown}
 e - 2 scrolls of magic mapping {unknown}
 f - a scroll of amnesia {unknown}
 g - 2 scrolls of identify {unknown}
 h - a scroll of teleportation {unknown}
 j - a scroll of random uselessness {unknown}
 k - a scroll of fog {unknown}
 X - a scroll of blinking
Potions
 d - a potion of flight
Comestibles
 c - 3 rations


   Skills:
 + Level 2.9 Fighting
 * Level 3.6 Polearms
 - Level 1.0 Throwing
 - Level 2.3 Dodging
 - Level 2.0 Spellcasting
 - Level 3.0 Translocations


You had 5 spell levels left.
You knew the following spells:

 Your Spells              Type           Power        Failure   Level  Hunger
e - Blink                 Tloc           N/A          11%         2    ###....

Your spell library contained the following spells:

 Spells                   Type           Power        Failure   Level  Hunger
 Shroud of Golubria       Chrm/Tloc      #.....       19%         2    ###....
 Gell's Gravitas          Tloc           #.........   21%         3    ####...
 Lesser Beckoning         Tloc           #.........   21%         3    ####...
 Teleport Other           Tloc           #.......     21%         3    ####...
 Passage of Golubria      Tloc           N/A          56%         4    #####..


Dungeon Overview and Level Annotations

Branches:
Dungeon (2/15)

Altars:


Innate Abilities, Weirdness & Mutations

You cannot wear most types of armour.
You are very stealthy in the water. (Stealth+)
You are amphibious.
You can wear up to eight rings at the same time.
You can use your tentacles to constrict eight enemies at once.
Your skin changes colour to match your surroundings (Stealth+).
Your rubbery body absorbs attacks. (AC +1, EV +1)


Message History

Press: ? - help, Dir - move target cursor, f - bat
Aim: a bat You reach to attack!
You closely miss the bat. The bat closely misses you.
A bat is nearby!
Attack whom?
Press: ? - help, Dir - move target cursor, f/p - bat
Aim: a bat You reach to attack!
You hit the bat but do no damage. The bat completely misses you.
A bat is nearby!
You barely miss the bat. Your grab misses the bat.
The bat hits you but does no damage.
A bat is nearby!
You hit the bat but do no damage. You grab the bat. You squeeze the bat.
You kill the bat!
No target in view!
No target in view!
Memorise Blink, consuming 2 spell levels and leaving 4?
You start memorising the spell.
You continue memorising. x2
You finish memorising.
Spell assigned to 'e'.
l - a metallic green potion
There is an open door here.
An adder comes into view.
The adder hisses angrily.
There is an open door here.
An adder is nearby!
An adder is nearby!
Attack whom?
Press: ? - help, Dir - move target cursor, f - adder
Aim: an adder You reach to attack!
You barely miss the adder. You closely miss the adder.
Your grab misses the adder. The adder bites you.
You hit the adder. Your grab misses the adder.
You squeeze the adder, but do no damage.
The adder is heavily wounded.
The adder bites you.
You are poisoned.
The adder poisons you! The adder bites you.
You are more poisoned.
The adder poisons you!
You are too injured to fight recklessly!
An adder is nearby!
You are too injured to fight recklessly!
An adder is nearby!
You are too injured to fight recklessly!
You hit the adder. Your grab misses the adder.
You squeeze the adder, but do no damage.
The adder is almost dead.
You feel sick. The adder bites you.
* * * LOW HITPOINT WARNING * * *
You barely miss the adder. Your grab misses the adder.
The adder is almost dead.
You feel sick. The adder bites you.
* * * LOW HITPOINT WARNING * * *
You are more poisoned.
The adder poisons you!
Unknown command.
You hit the adder.
You kill the adder!
You have reached level 4!
* * * LOW HITPOINT WARNING * * *
You feel sick.
It was a potion of flight.
You feel very buoyant.
You fly up into the air.
* * * LOW HITPOINT WARNING * * *
You feel sick.
It was a potion of berserk rage.
A red film seems to cover your vision as you go berserk!
You feel yourself moving faster!
You feel mighty!
Unknown command.
You feel a strong urge to attack something.
An adder comes into view.
You feel sick.
The adder hisses angrily.
There is an open door here.
You feel your anger nearly subside.
You are no longer berserk.
You are exhausted.
You feel yourself slow down.
* * * LOW HITPOINT WARNING * * *
You feel sick.
It was a potion of degeneration.
There was something very wrong with that liquid.
You feel weakened.
You feel dopey.
You feel clumsy.
* * * LOW HITPOINT WARNING * * *
You feel sick.
* * * LOW HITPOINT WARNING * * *
You feel sick.
There is an open door here.
You closely miss the adder. Your grab misses the adder. The adder bites you.
* * * LOW HITPOINT WARNING * * *
The adder bites you.
* * * LOW HITPOINT WARNING * * *
You are more poisoned.
The adder poisons you!
You hit the adder. Your grab misses the adder.
The adder is lightly wounded.
* * * LOW HITPOINT WARNING * * *
You feel sick. The adder bites you.
You die...

............
........... .?.........
..........
.........######
.........##...#
.........##...#
.......S.##...# .#
#######@###...#####+#.#
#.###...........#
#...'...........#
#####...........#
#####...........#
#...............#
#.#####........#
#........# #........###


You could see an adder.

Vanquished Creatures
  2 adders (D:2)
  2 oozes (D:1)
  2 leopard geckos (D:1)
  4 bats (D:1 D:2)
  4 giant cockroaches (D:1 D:2)
  7 goblins (D:1 D:2)
  2 hobgoblins (D:1 D:2)
  3 kobolds (D:1 D:2)
  A quokka (D:2)
  4 rats (D:1)
31 creatures vanquished.

Notes
Turn   | Place    | Note
-------+----------+-------------------------------------------
     0 | D:1      | Monsterracer the Octopode Warper began the quest for the
                  | Orb.
     0 | D:1      | Reached XP level 1. HP: 14/14 MP: 3/3
    58 | D:1      | Reached XP level 2. HP: 19/19 MP: 5/5
   654 | D:1      | Reached XP level 3. HP: 25/25 MP: 6/6
  1277 | D:2      | HP: 10/25 [hobgoblin/+0 club (5)]
  1298 | D:2      | HP: 6/25 [goblin (1)]
  1570 | D:2      | Learned a level 2 spell: Blink
  1606 | D:2      | HP: 12/25 [poisoned by an adder]
  1608 | D:2      | Reached XP level 4. HP: 10/30 MP: 7/7
  1611 | D:2      | HP: 12/45 [poisoned by an adder]
  1615 | D:2      | HP: 5/30 [poisoned by an adder]
  1617 | D:2      | HP: 2/30 [poisoned by an adder]
  1617 | D:2      | Slain by an adder

Levels and vault maps discovered:
D:1:      ncdulo_wetmaze, layout_loops_corners
D:2:      layout_basic

Skill      XL: |  1  2 |
---------------+-------+-----
Polearms       | 3 |  3.6
Fighting       | |  2.9
Throwing       | |  1.0
Dodging        | |  2.3
Spellcasting   | |  2.0
Translocations | |  3.0

Action                   |  1- 3 |  4- 6 || total
-------------------------+-------+-------++-------
Melee: Spear             |    87 |     2 ||    89
       Tentacles         |    17 |       ||    17
       Constrict         |    14 |       ||    14
  Use: Potion            |       |     3 ||     3
 Stab: Sleeping          |     9 |       ||     9
  Eat: Chunk             |     2 |       ||     2
Armor: Skin              |     6 |       ||     6
Dodge: Dodged            |    38 |       ||    38
